Map: Submarine LE

Players

cure - Winner!

  • Race: Terran Terran
  • Spawn Location: 5:00

LiquidClem (Clem)

  • Race: Terran Terran
  • League: Bronze
  • Spawn Location: 11:00

Event: DreamHack SC2 Masters 2020 Summer Season Finals

VOD

Have the link to the VOD?

Description

Time

  • Played on: July 17, 2020, 11:03 a.m.
  • Length: 10:16

All games in this series

Show
View Real Time Build Order
Export as new Build Order

cure Terran - Winner!

Build Orders: 1/1/1, Liberator Opening 

Get SALT Encoding   

  12  0:00  SCV  
  13  0:13  SCV  
  14  0:17  Supply Depot  
  14  0:25  SCV  
  15  0:39  SCV  
  15  0:42  Barracks  
  16  0:43  Refinery  
  16  0:51  SCV  
  16  0:52  Refinery  
  17  1:03  SCV  
  18  1:15  SCV  
  19  1:28  Orbital Command  
  19  1:29  Barracks Reactor  
  19  1:38  Supply Depot  
  19  1:41  Factory  
  20  1:54  SCV  
  20  2:05  Reaper x2  
  20  2:06  SCV  
  23  2:18  SCV  
  24  2:25  Supply Depot, Starport  
  24  2:26  Hellion  
  26  2:30  SCV  
  27  2:37  Reaper x2  
  27  2:42  SCV, Supply Depot  
  30  2:49  Hellion  
  32  2:54  SCV  
  33  3:03  Liberator  
  36  3:09  SCV  
  36  3:10  Hellion  
  39  3:15  Supply Depot  
  39  3:18  Reaper  
  40  3:20  Reaper  
  43  3:34  Hellion  
  43  3:44  Command Center  
  43  3:47  Starport Tech Lab  
  43  3:51  Refinery  
  43  3:55  SCV  
  44  3:56  Factory Tech Lab  
  44  4:02  Supply Depot  
  44  4:11  Marine x2  
  44  4:13  SCV  
  41  4:25  SCV  
  41  4:26  Cyclone  
  41  4:27  Raven  
  39  4:32  Marine  
  39  4:37  SCV  
  41  4:47  Marine  
  41  4:49  SCV  
  41  4:50  Marine  
  44  4:57  Orbital Command  
  44  5:01  SCV  
  44  5:04  Siege Tank  
  48  5:07  Marine  
  48  5:08  Marine  
  48  5:13  SCV, Raven  
  53  5:23  SCV  
  53  5:25  SCV, Marine  
  53  5:26  Marine  
  56  5:37  SCV  
  56  5:38  SCV  
  53  5:43  Marine x2  
  53  5:49  SCV  
  48  5:50  SCV  
  48  5:56  Raven  
  51  6:01  Marine x2  
  51  6:03  SCV x2, Command Center  
  55  6:06  Siege Tank  
  56  6:15  SCV x2  
  58  6:18  Marine  
  58  6:19  Marine  
  58  6:22  Supply Depot  
  60  6:27  SCV x2  
  62  6:38  Barracks  
  62  6:39  SCV x2, Raven, Barracks  
  66  6:43  Marine x2  
  68  6:48  Siege Tank  
  68  6:51  Supply Depot  
  71  6:54  SCV x2  
  71  7:01  Marine x2  
  73  7:06  SCV x2  
  77  7:10  Refinery  
  77  7:11  Engineering Bay  
  77  7:13  Engineering Bay  
  74  7:18  SCV x2  
  70  7:23  Marine  
  70  7:24  SCV  
  70  7:26  Marine  
  70  7:27  Barracks Tech Lab x2  
  68  7:30  SCV  
  68  7:34  Siege Tank  
  72  7:39  Terran Infantry Weapons Level 1, Terran Infantry Armor Level 1  
  73  7:44  Orbital Command  
  73  7:49  Marine x2  
  74  7:51  Marine  
  74  7:52  Marine  
  74  7:55  Stimpack  
  74  7:57  Combat Shield  
  76  8:03  SCV x2  
  78  8:06  Orbital Command  
  78  8:08  Siege Tank  
  78  8:12  Marine x4  
  81  8:18  Barracks  
  85  8:23  SCV x2, Starport Reactor  
  85  8:24  Barracks  
  87  8:31  Marine x4  
  87  8:32  SCV, Supply Depot  
  87  8:33  Supply Depot  
  92  8:35  SCV x2  
  94  8:44  SCV, Siege Tank  
  94  8:47  SCV x2  
  100  8:49  Marine x4  
  103  9:02  SCV x3  
  106  9:04  Supply Depot x2  
  106  9:05  Medivac x2  
  106  9:07  Marine x4  
  112  9:12  Marine x2  
  114  9:25  Marine x4  
  114  9:27  Siege Tank  
  114  9:30  Marine x2  
  123  9:42  Marine x4  
  126  9:48  Marine x2  
Show
View Real Time Build Order
Export as new Build Order

LiquidClem Terran 

Build Orders: Hellion Opening 

Get SALT Encoding   

  12  0:00  SCV  
  13  0:12  SCV  
  14  0:17  Supply Depot  
  14  0:24  SCV  
  15  0:30  Refinery  
  15  0:38  SCV  
  16  0:44  Barracks  
  16  0:50  SCV  
  17  1:02  SCV  
  18  1:15  SCV  
  19  1:31  Reaper, Orbital Command  
  20  1:43  Bunker  
  20  1:44  Supply Depot  
  20  1:46  Bunker  
  20  1:50  Factory  
  20  1:56  SCV  
  21  2:11  Barracks Reactor  
  21  2:12  Command Center  
  21  2:16  SCV  
  22  2:23  Refinery  
  22  2:28  SCV  
  23  2:35  Supply Depot  
  23  2:40  SCV  
  24  2:45  Starport  
  24  2:51  Hellion  
  26  2:52  Hellion  
  26  2:55  SCV  
  29  2:59  Barracks Tech Lab  
  29  3:07  SCV  
  29  3:12  Hellion  
  32  3:14  Hellion  
  34  3:20  Reaper  
  34  3:21  SCV  
  34  3:27  Viking  
  38  3:35  Hellion  
  38  3:37  Hellion  
  38  3:40  SCV  
  43  3:47  Orbital Command  
  43  3:56  Hellion  
  43  3:59  Hellion  
  43  4:00  SCV  
  48  4:04  Barracks Tech Lab  
  48  4:06  Supply Depot  
  48  4:09  Raven  
  50  4:12  SCV  
  50  4:14  SCV  
  43  4:24  Hellion x2  
  41  4:36  SCV  
  41  4:38  SCV  
  42  4:48  SCV  
  42  4:50  SCV  
  44  4:58  Marine  
  44  4:59  Refinery, Marine  
  46  5:00  SCV  
  46  5:02  Cyclone  
  46  5:03  SCV  
  46  5:06  Supply Depot  
  51  5:14  Medivac  
  53  5:16  SCV, Marine x2  
  53  5:17  SCV  
  53  5:21  Supply Depot  
  57  5:28  SCV  
  58  5:29  SCV  
  58  5:34  Marine x2  
  58  5:38  Siege Tank  
  58  5:40  SCV  
  58  5:41  SCV  
  53  5:52  SCV  
  53  5:53  SCV  
  55  6:04  SCV  
  55  6:05  SCV  
  55  6:07  Viking  
  55  6:08  Marine  
  60  6:12  Viking, Supply Depot  
  60  6:16  SCV  
  60  6:18  SCV  
  64  6:26  Marine  
  64  6:28  SCV  
  64  6:30  SCV  
  66  6:37  Siege Tank  
  69  6:40  SCV  
  69  6:42  SCV  
  69  6:44  Viking, Supply Depot, Marine  
  74  6:49  Refinery  
  74  6:51  Viking  
  74  6:52  SCV  
  78  6:54  SCV  
  77  7:02  Marine  
  77  7:05  SCV  
  77  7:06  SCV  
  77  7:07  Supply Depot  
  80  7:17  SCV  
  80  7:18  SCV  
  80  7:19  Marine  
  80  7:21  Siege Tank  
  73  7:34  Liberator  
  75  7:37  Marine  
  75  7:42  Command Center  
  76  7:44  Viking  
  78  7:53  Barracks  
  78  7:56  Barracks  
  78  7:59  Siege Tank  
  78  8:05  SCV  
  82  8:06  Supply Depot  
  82  8:09  Stimpack  
  82  8:11  Marine  
  82  8:12  SCV  
  84  8:17  Viking  
  86  8:21  Viking  
  88  8:29  Marine  
  88  8:30  Supply Depot  
  88  8:32  SCV  
  90  8:36  Siege Tank  
  92  8:43  Barracks Reactor x2  
  92  8:45  Barracks  
  92  8:47  Marine  
  93  8:49  Barracks  
  93  8:57  SCV  
  94  9:04  Marine  
  94  9:07  SCV  
  96  9:11  Siege Tank  
  96  9:15  Engineering Bay  
  96  9:16  Engineering Bay  
  99  9:18  Viking x2  
  99  9:22  Marine  
  104  9:26  Marine  
  104  9:27  Supply Depot  
  106  9:33  Marine x2  
  106  9:34  Orbital Command, Marine x2  
  109  9:39  Marine  
  109  9:40  Marine  
  109  9:43  Siege Tank  
  109  9:44  Supply Depot  
  109  9:45  Supply Depot  
  114  9:46  Marine  
  114  9:51  Marine x2  
  114  9:52  Marine x2  
  120  9:57  Marine  
  120  9:58  Marine  
Tags
 
Add a new tag
Caveats
  • Supply blocks, unpowered buildings, or Contaminate may cause inaccurate times.
  • Supply counts are checked every 10 seconds.